 Dungeon Crawl Stone Soup version 0.29-a0-872-g797fff5ad1 (webtiles) character file.

Game seed: 7420329406635400115

3942 greenreed the Basher (level 10, 0/88 HPs)
             Began as a Minotaur Fighter on July 18, 2022.
             Was an Elder of Okawaru.
             Slain by a wyvern (14 damage)
             ... on level 8 of the Dungeon.
             The game lasted 00:24:49 (8890 turns).

greenreed the Basher (Minotaur Fighter)             Turns: 8890, Time: 00:24:50

Health: 0/88       AC: 12    Str: 25    XL:     10   Next: 1%
Magic:  9/9        EV: 11    Int:  5    God:    Okawaru [****..]
Gold:   412        SH: 10    Dex: 10    Spells: 9/9 levels left

rFire   . . .      SeeInvis .   F - +1 flail (drain)
rCold   + . .      Faith    .   c - +0 buckler
rNeg    + + .      Spirit   .   p - +1 scale mail {rC+}
rPois   .          Reflect  +   (helmet restricted)
rElec   .          Harm     .   C - +1 cloak
rCorr   .          Rampage  .   G - +0 pair of gloves
Will    .....                   (no boots)
Stlth   ..........              h - amulet of reflection
HPRegen 0.24/turn               t - ring of positive energy
MPRegen 0.11/turn               q - ring of positive energy

@: hasted, very quick
A: horns 2, retaliatory headbutt
a: Renounce Religion, Heroism, Finesse


You were on level 8 of the Dungeon.
You worshipped Okawaru.
Okawaru was greatly pleased with you.
You visited 2 branches of the dungeon, and saw 9 of its levels.

You collected 412 gold pieces.

Inventory:

Hand Weapons
 a - a +1 shortbow of freezing
 F - a +1 flail of draining (weapon)
Missiles
 o - 6 poisoned darts (quivered)
 s - 8 boomerangs
Armour
 b - a +0 scale mail
 c - a +0 buckler (worn)
 p - a +1 scale mail of cold resistance (worn)
 A - the +2 robe of Tisoriom {Fly}
   (You found it on level 4 of the Dungeon)

   Fly:       It grants you flight.
 C - a +1 cloak (worn)
 G - a +0 pair of gloves (worn)
Jewellery
 h - an amulet of reflection (around neck)
 q - a ring of positive energy (right hand)
 t - a ring of positive energy (left hand)
 v - a ring of ice
Wands
 x - a wand of mindburst (21)
 K - a wand of flame (13)
Scrolls
 e - 5 scrolls of teleportation
 i - a scroll of poison {unknown}
 l - 2 scrolls of torment
 n - 2 scrolls of enchant weapon {unknown}
 u - a scroll of silence {unknown}
 y - a scroll of brand weapon {unknown}
 z - a scroll of magic mapping {unknown}
 D - a scroll of fear {unknown}
 H - a scroll of amnesia {unknown}
 I - a scroll of enchant armour
 J - 3 scrolls of blinking {unknown}
Potions
 d - 2 potions of might
 g - a potion of mutation {unknown}
 k - 3 potions of attraction
 m - 3 potions of flight
 r - 3 potions of heal wounds {unknown}
 w - a potion of lignification {unknown}
 B - a potion of ambrosia {unknown}
 E - a potion of invisibility {unknown}


   Skills:
 + Level 7.9 Fighting
 + Level 11.4 Maces & Flails
 + Level 7.8 Armour
 + Level 3.6 Dodging
 - Level 0.9 Stealth
 + Level 8.3 Shields


You had 9 spell levels left.
You didn't know any spells.
Your spell library contained the following spells:

 Spells                   Type           Power      Damage    Failure   Level
 Sting                    Tmut/Pois      0%         1d3       80%         1
 Poisonous Vapours        Pois/Air       0%         N/A       91%         2
 Gell's Gravitas          Tloc           0%         N/A       99%         3
 Lesser Beckoning         Tloc           0%         N/A       99%         3
 Teleport Other           Tloc           0%         N/A       99%         3
 Olgreb's Toxic Radiance  Pois           0%         N/A       100%        4


Dungeon Overview and Level Annotations

Branches:
Dungeon (8/15)             Temple (1/1) D:6
   Lair: D:8-11

Altars:
Ashenzari
Cheibriados
Fedhas
Gozag
Makhleb
Okawaru
Sif Muna
Uskayaw
Xom
Yredelemnul
Zin
The Shining One

Shops:
D:6 [


Innate Abilities, Weirdness & Mutations

You have a pair of horns on your head.
You reflexively headbutt those who attack you in melee.


Message History

The wyvern bites you!
* * * LOW HITPOINT WARNING * * *
The hornet closely misses you.
You feel better.
You feel yourself speed up. You block the wyvern's attack.
The hornet stings you!
* * * LOW HITPOINT WARNING * * *
You are poisoned.
You feel yourself slow down. The wyvern bites you!
* * * LOW HITPOINT WARNING * * *
You block the hornet's attack.
You feel better.
The wyvern bites you but does no damage.
The hornet misses you. The wyvern closely misses you. The hornet stings you.
* * * LOW HITPOINT WARNING * * *
You feel as though you will be slow longer.
You feel yourself speed up. The wyvern bites you.
* * * LOW HITPOINT WARNING * * *
You block the orc's attack.
The wyvern bites you but does no damage.
You feel yourself speed up. The wyvern bites you.
* * * LOW HITPOINT WARNING * * *
The orc misses you. The hornet attacks as you move away!
You block the hornet's attack.
There is a stone staircase leading down here.
Things that are here:
a +0 flail; a +0 shortbow; a centaur corpse The wyvern attacks as you move away!
The wyvern closely misses you. You furiously retaliate!
You headbutt the wyvern, but do no damage.
Things that are here:
a +0 club; a gnoll corpse The wyvern attacks as you move away!
You block the wyvern's attack. You block the wyvern's attack.
The wyvern attacks as you move away! The wyvern closely misses you.
The wyvern attacks as you move away! The wyvern bites you.
* * * LOW HITPOINT WARNING * * *
You feel better. The wyvern bites you!
You die...

#.####.# #.# #.#
########)# #.#
......)))# #.#
......)oo# #.#
........o# #.#
.........# #y#
#........# #l#
#........# #@#
#........# #.##########
#........# #.......)..#
#........#############.#
#................ #.#
#.........########.# #.#
#####.##..# #.# #.#
#..#..#### #.# #.#
##.......# #.# #.#


You could see a hornet and a wyvern.

Vanquished Creatures
  Eustachio (D:6)
  2 steam dragons (D:8)
  Edmund (D:5)
  Menkaure (D:6)
  Duvessa (D:5)
  A water moccasin (D:7)
  An orc warrior (D:7)
  2 black bears
  An ice beast (D:6)
  2 ogres
  5 centaurs
  A gnoll sergeant (D:8)
  2 bullfrogs (D:6)
  3 necrophages
  6 scorpions
  3 wights (D:5)
  Dowan (D:5)
  3 killer bees (D:7)
  2 electric eels (D:7)
  2 orc priests
  4 hounds
  A human zombie (D:5)
  2 jellies
  Jessica (D:3)
  3 iguanas
  Natasha (D:2)
  6 orc wizards
  A scorpion zombie (D:5)
  2 killer bee zombies (D:5)
  A hound zombie (D:5)
  A mummy (D:5)
  9 gnolls
  2 howler monkey zombies (D:5)
  10 adders
  A shadow imp (D:7)
  2 white imps
  An ufetubus (D:4)
  5 worms
  30 orcs
  4 bats
  7 endoplasms
  2 giant cockroaches (D:4)
  8 goblins
  6 hobgoblins
  6 jackals (D:2)
  7 quokkas
  7 ball pythons
  6 frilled lizards
  8 kobolds
  6 rats
191 creatures vanquished.

Vanquished Creatures (others)
  37 plants (D:7)
37 creatures vanquished.

Grand Total: 228 creatures vanquished

Notes
Turn   | Place    | Note
-------+----------+-------------------------------------------
     0 | D:1      | greenreed the Minotaur Fighter began the quest for the Orb.
     0 | D:1      | Reached XP level 1. HP: 19/19 MP: 0/0
   298 | D:1      | Reached XP level 2. HP: 27/27 MP: 1/1
   695 | D:2      | Found a shimmering blue altar of Sif Muna.
   805 | D:2      | Reached XP level 3. HP: 33/33 MP: 2/2
   857 | D:2      | Reached skill level 3 in Maces & Flails
  1288 | D:2      | Noticed Natasha
  1293 | D:2      | Killed Natasha
  1294 | D:2      | Reached XP level 4. HP: 41/41 MP: 3/3
  1388 | D:3      | Found an opulent altar of Gozag.
  1940 | D:3      | Reached skill level 4 in Maces & Flails
  2109 | D:3      | Reached XP level 5. HP: 27/47 MP: 4/4
  2650 | D:3      | Noticed Jessica
  2655 | D:3      | Killed Jessica
  2658 | D:3      | Found a hide-covered altar of Uskayaw.
  2843 | D:4      | Reached skill level 5 in Maces & Flails
  3023 | D:4      | Reached XP level 6. HP: 25/53 MP: 5/5
  3342 | D:4      | Reached skill level 5 in Fighting
  3342 | D:4      | Reached skill level 6 in Maces & Flails
  3342 | D:4      | Reached skill level 5 in Armour
  3342 | D:4      | Reached skill level 5 in Shields
  3529 | D:4      | Reached skill level 1 in Dodging
  3529 | D:4      | Reached XP level 7. HP: 42/61 MP: 6/6
  3914 | D:4      | Identified the +2 robe of Tisoriom {Fly}
  4031 | D:5      | Entered Level 5 of the Dungeon
  4031 | D:5      | Found an iron altar of Okawaru.
  4039 | D:5      | Became a worshipper of Warmaster Okawaru
  4415 | D:5      | Found a shimmering blue altar of Sif Muna.
  4486 | D:5      | Reached skill level 7 in Maces & Flails
  4518 | D:5      | Found a basalt altar of Yredelemnul.
  4535 | D:5      | Reached * piety under Okawaru
  4554 | D:5      | Reached XP level 8. HP: 70/70 MP: 7/7
  4574 | D:5      | Reached skill level 8 in Maces & Flails
  5043 | D:6      | Found a staircase to the Ecumenical Temple.
  5073 | D:6      | Noticed Eustachio
  5087 | D:6      | Killed Eustachio
  5189 | D:6      | Noticed Dowan
  5189 | D:6      | Noticed Duvessa
  5191 | D:6      | Noticed Edmund
  5213 | D:5      | Killed Edmund
  5237 | D:5      | Killed Duvessa
  5238 | D:5      | Reached skill level 9 in Maces & Flails
  5245 | D:5      | Killed Dowan
  5413 | D:6      | Reached ** piety under Okawaru
  5559 | D:6      | Reached XP level 9. HP: 77/78 MP: 8/8
  5581 | D:6      | Noticed Menkaure
  5588 | D:6      | Killed Menkaure
  5588 | D:6      | Reached *** piety under Okawaru
  5589 | D:6      | Reached skill level 10 in Maces & Flails
  5779 | D:6      | Found a blossoming altar of Fedhas.
  6059 | D:6      | Found Maesu's Armour Shoppe.
  6178 | D:6      | Found a snail-covered altar of Cheibriados.
  6318 | Temple   | Entered the Ecumenical Temple
  7414 | D:7      | Reached skill level 11 in Maces & Flails
  7803 | D:7      | Found a burning altar of Makhleb.
  8483 | D:8      | Noticed a two-headed ogre
  8653 | D:8      | Found a shimmering altar of Xom.
  8653 | D:8      | Found a glowing silver altar of Zin.
  8653 | D:8      | Noticed an angel
  8737 | D:8      | Reached **** piety under Okawaru
  8758 | D:8      | Reached XP level 10. HP: 68/88 MP: 7/9
  8867 | D:8      | HP: 4/88 [wyvern (9)]
  8888 | D:8      | HP: 2/88 [wyvern (6)]
  8890 | D:8      | Slain by a wyvern

Illustrated notes

Levels and vault maps discovered:
D:1:      dpeg_arrival_lava_temple_mockup, layout_basic
D:2:      layout_basic, basic_altar, uniq_natasha
D:3:      minmay_inner_zag, layout_loops_corners, lemuel_coloured_pillars_altar,
          mainiacjoe_overflow_alcove_1, st_stairs_6, hangedman_glass_teeth,
          uniq_jessica
D:4:      minmay_octagon_keep, layout_rooms, st_stairs_2,
          kennysheep_opposing_triangles
D:5:      layout_layer_cave, okawaru_metal_pillars_1_2,
          lemuel_mausoleum_altar_yredelemnul, general_overflow_altar,
          grunt_decor_fettered
D:6:      minmay_skewed_foursquare, layout_loops_ring,
          mainiacjoe_overflow_brackets, fedhas_altar_1,
          minmay_temple_entry_mist, serial_shops, nicolae_shop_waterfront,
          uniq_edmund, uniq_menkaure, uniq_eustachio, uniq_duvessa
D:7:      layout_gridville, marbit_many_paths, serial_bayou,
          serial_bayou_lagoon_b, serial_bayou_ford_a, serial_bayou_shore_a,
          serial_bayou_pond_c
D:8:      minmay_imperfect_grid, layout_basic, bloody_trog,
          grunt_temple_overflow_order_and_chaos_1
Temple:   dpeg_three_leaves_temple

Skill      XL: |  1  2  3  4  5  6  7  8  9 |
---------------+----------------------------+-----
Shields        | 4 5 6 8 |  8.3
Armour         | 4 5 6 7 |  7.8
Fighting       | 4 5 6 7 |  7.9
Maces & Flails | 3 4 5 6 7 9 11 | 11.4
Dodging        | 1 2 3 |  3.6
Stealth        | |  0.9

Action                   |  1- 3 |  4- 6 |  7- 9 | 10-12 || total
-------------------------+-------+-------+-------+-------++-------
Melee: Flail             |    93 |   130 |   333 |     6 ||   562
       Headbutt          |    13 |    18 |    60 |     1 ||    92
Throw: Dart              |       |     1 |       |       ||     1
Invok: Heroism           |       |       |     2 |       ||     2
  Use: Scroll            |       |       |     6 |       ||     6
       Potion            |       |       |       |     4 ||     4
Armor: Scale mail        |    33 |    34 |   124 |     3 ||   194
Dodge: Dodged            |    30 |    44 |   130 |     9 ||   213
Block: Buckler           |    37 |    36 |   155 |    13 ||   241
       Reflection        |       |     5 |     5 |       ||    10

Table legend: (Time is in decaauts)
 A = Elapsed time spent in this place.
 B = Non-inter-level travel time spent in this place.
 C = Inter-level travel time spent in this place.
 D = Time resting spent in this place.
 E = Time spent auto-exploring this place.
 F = Levels seen in this place.
 G = Mean time per level.
                   A        B        C        D        E       F      G
               +--------+--------+--------+--------+--------+-----+--------+
         Total |   8975 |   8605 |    370 |    855 |   6316 |   9 |  997.2 |
       Dungeon |   8973 |   8603 |    370 |    855 |   6316 |   8 | 1121.6 |
        Temple |      1 |      1 |      0 |      0 |      0 |   1 |    1.0 |
               +--------+--------+--------+--------+--------+-----+--------+

Top non-repeatable levels by time:
     D:7: 2287 daAuts
     D:3: 1369 daAuts
     D:4: 1313 daAuts
     D:6: 1199 daAuts
     D:5: 1105 daAuts
     D:2: 810 daAuts
     D:1: 593 daAuts
     D:8: 295 daAuts
  Temple: 1 daAuts
